 Dungeon Crawl Stone Soup version 0.30-a0-743-gbfdf073431 (webtiles) character file.

Game seed: 17889938455954982985

2499721 octoduck the Slayer (level 26, 251/251 HPs)
             Began as a Red Draconian Ice Elementalist on Jan 31, 2023.
             Was a High Priest of Jiyva.
             Escaped with the Orb
             ... and 4 runes on Feb 7, 2023!
             The game lasted 07:12:42 (62383 turns).

octoduck the Slayer (DrIE)                         Turns: 62383, Time: 07:12:43

Health: 251/251    AC: 24    Str:  8      XL:     26   Next: 89%
Magic:  29/29      EV: 25    Int: 21      God:    Jiyva [*****.]
Gold:   2960       SH: 32    Dex: 22 (23) Spells: 5/38 levels left

rFire   + + +      SeeInvis +    l - +9 demon blade (flame)
rCold   + + +      Faith    .    Y - +10 tower shield of Ignorance {rN+ Int-4}
rNeg    + + .      Spirit   .    (body armour unavailable)
rPois   .          Reflect  .    x - +2 hat {SInv}
rElec   .          Harm     .    C - +2 cloak {Stlth+}
rCorr   +          Rampage  +    T - +1 pair of gloves
Will    ++...      Clarity  +    n - +2 pair of boots {rampage}
Stlth   +                        I - amulet of Vitality {RegenMP++ Regen++}
HPRegen 5.25/turn                r - ring "Naint" {rF+ rC+++ Int+3 Dex-3}
MPRegen 1.46/turn                m - ring of positive energy

@: no status effects
A: breathe fire, AC +12, unfitting armour, fire resistance 3, cold-blooded,
horns 1, agile 2, clarity, clever 1, low MP 1, strong-willed 1, regeneration 2,
gelatinous body 2, inability to drink after injury 1, inability to read after
injury 1, engulf
0: Orb of Zot
}: 4/15 runes: barnacled, slimy, silver, gossamer
a: Breathe Fire, Renounce Religion, Oozemancy, Slimify


You escaped.
You worshipped Jiyva.
Jiyva was extremely pleased with you.
You visited 13 branches of the dungeon, and saw 57 of its levels.
You visited 2 bazaars.
You also visited: Gauntlet, Ice Cave and Volcano.

You collected 6072 gold pieces.
You spent 3112 gold pieces at shops.

Inventory:

Hand Weapons
 l - a +9 demon blade of flaming (weapon)
 o - a +1 quick blade of distortion
 v - the +10 scimitar of Vanity {freeze, +Blink rElec rC-}
   (You found it on level 3 of the Elven Halls)

   rC:        It makes you vulnerable to cold.
   rElec:     It insulates you from electricity.
   +Blink:    It lets you blink.
Missiles
 S - 2 throwing nets
Armour
 n - a +2 pair of boots of rampaging (worn)
 x - a +2 hat of see invisible (worn)
 y - a +2 kite shield of protection
 C - a +2 cloak of stealth (worn)
 T - a +1 pair of gloves (worn)
 Y - the +10 tower shield of Ignorance (worn) {rN+ Int-4}
   (You took it off a deep elf high priest on level 3 of the Elven Halls)

   Int:       It affects your intelligence (-4).
   rN:        It protects you from negative energy.
Jewellery
 b - a ring of see invisible
 d - a ring of flight
 i - a +6 ring of dexterity
 j - the dreamshard necklace {*Dream Drain}
   (You found it on level 5 of the Pits of Slime)

   [amulet of nothing]

   *Dream:    It shatters if its wearer takes lethal or near-lethal damage,
   preventing the blow and releasing protective dreams that heal and fight for
   the wearer.
   Drain:     It drains your maximum health when unequipped.
 m - a ring of positive energy (right hand)
 r - the ring "Naint" (left hand) {rF+ rC+++ Int+3 Dex-3}
   (You found it on level 5 of the Lair of Beasts)

   [ring of protection from fire]

   Int:       It affects your intelligence (+3).
   Dex:       It affects your dexterity (-3).
   rF:        It protects you from fire.
   rC:        It renders you almost immune to cold.
 u - the amulet of the Air {Inacc Air Fly rElec RMsl}
   (You found it on level 5 of the Pits of Slime)

   [amulet of nothing]

   Inacc:     It reduces the accuracy of your attacks and spells.
   Air:       It enhances your air magic.
   rElec:     It insulates you from electricity.
   Fly:       It grants you flight.
   RMsl:      It protects you from missiles.
 w - the ring of Nais {Wiz rF++ Dex+2 Stlth+}
   (You took it off a spriggan air mage on level 2 of the Depths)

   [ring of wizardry]

   It improves your spell success rate.
   Dex:       It affects your dexterity (+2).
   rF:        It greatly protects you from fire.
   Stlth:     It makes you more stealthy.
 I - the amulet of Vitality (around neck) {RegenMP++ Regen++}
   (You found it on level 5 of the Pits of Slime)

   [amulet of magic regeneration]

   It increases your rate of magic regeneration.
   Regen:     It increases your rate of health regeneration.
 L - a ring of willpower
 O - the ring "Zuxtec" {rF+ Will+ Int+5}
   (You took it off a draconian annihilator on level 3 of the Realm of Zot)

   [ring of protection from fire]

   Int:       It affects your intelligence (+5).
   rF:        It protects you from fire.
   Will:      It increases your willpower.
 V - the ring of the Hare {EV+10}
   (You found it in a Gauntlet)

   [ring of evasion]

   EV:        It affects your evasion (+10).
 W - a ring of protection from cold
Wands
 c - a wand of digging (5)
 q - a wand of iceblast (5)
 E - a wand of flame (23)
 X - a wand of quicksilver (15)
Scrolls
 e - 10 scrolls of blinking
 f - a scroll of silence
 g - 4 scrolls of teleportation
 k - 4 scrolls of enchant weapon
 s - 5 scrolls of fog
 t - 7 scrolls of brand weapon
 A - 3 scrolls of amnesia
 U - 7 scrolls of fear
 Z - 2 scrolls of summoning
Potions
 a - 2 potions of magic
 h - 4 potions of haste
 p - 6 potions of curing
 z - 4 potions of flight
 D - 3 potions of invisibility
 F - 8 potions of might
 M - 3 potions of cancellation
 N - 5 potions of brilliance
 P - 14 potions of heal wounds
 Q - a potion of ambrosia
Miscellaneous
 B - a lightning rod (4/4)
 G - a condenser vane
 H - the horn of Geryon
 J - a phantom mirror
 K - a box of beasts
 R - a phial of floods


   Skills:
 + Level 23.5 Fighting
 - Level 7.6(11.9) Short Blades
 - Level 14.2(14.9) Long Blades
 - Level 15.5 Dodging
 - Level 1.7 Stealth
 - Level 18.2 Shields
 - Level 6.6 Spellcasting
 - Level 22.3 Conjurations
 - Level 6.3 Summonings
 - Level 10.8 Ice Magic
 - Level 21.2 Air Magic
 - Level 12.1 Evocations


You had 5 spell levels left.
You knew the following spells:

 Your Spells              Type           Power      Damage    Failure   Level
a - Freeze                Ice            100%       1d10      1%          1
b - Frozen Ramparts       Ice            100%       1d16      1%          3
c - Ozocubu's Armour      Ice            51%        N/A       1%          3
d - Conjure Ball Lightni  Conj/Air       39%        3x3d13    1%          6
e - Summon Lightning Spi  Summ/Air       60%        N/A       1%          4
f - Airstrike             Air            38%        2d(6-22)  1%          4
g - Freezing Cloud        Conj/Ice/Air   35%        6-21      1%          5
h - Orb of Destruction    Conj           39%        9d11      1%          7

Your spell library contained the following spells:

 Spells                   Type           Power      Damage    Failure   Level
 Shock                    Conj/Air       100%       1d9       0%          1
 Kiss of Death            Conj/Necr      100%       2d13      1%          1
 Summon Small Mammal      Summ           100%       N/A       1%          1
 Cigotuvi's Dreadful Rot  Necr/Pois/Air  72%        N/A       1%          2
 Poisonous Vapours        Pois/Air       100%       N/A       1%          2
 Dazzling Flash           Conj/Hex       100%       N/A       1%          3
 Hailstorm                Conj/Ice       67%        3d14      1%          3
 Mephitic Cloud           Conj/Pois/Air  61%        N/A       1%          3
 Stone Arrow              Conj/Erth      100%       3d13      1%          3
 Iskenderun's Battlesphe  Conj           79%        2d13      1%          5
 Lightning Bolt           Conj/Air       39%        1d57      1%          5
 Flame Wave               Conj/Fire      52%        2d13      2%          4
 Fulminant Prism          Conj/Hex       26%        3d14      2%          4
 Iskenderun's Mystic Bla  Conj/Tloc      52%        2d11      2%          4
 Sticky Flame             Conj/Fire      52%        2d7       2%          4
 Kindle Blastsparks       Fire/Tloc/Air  72%        2d16      3%          3
 Fireball                 Conj/Fire      26%        3d12      6%          5
 Summon Ice Beast         Ice/Summ       43%        N/A       7%          4
 Apportation              Tloc           12%        N/A       24%         1
 Necrotise                Necr           24%        1d5       24%         1
 Sandblast                Erth           12%        2d6       24%         1
 Ice Form                 Ice/Tmut       29%        N/A       24%         4
 Passwall                 Tmut/Erth      5%         N/A       34%         2
 Gell's Gravitas          Tloc           6%         N/A       56%         3
 Ignite Poison            Fire/Tmut/Pois 6%         N/A       56%         3
 Inner Flame              Hex/Fire       6%         N/A       56%         3
 Teleport Other           Tloc           6%         N/A       56%         3
 Summon Forest            Summ/Tloc      10%        N/A       87%         5
 Summon Mana Viper        Hex/Summ       20%        N/A       87%         5
 Anguish                  Hex/Necr       3%         N/A       93%         4
 Animate Dead             Necr           6%         N/A       93%         4
 Leda's Liquefaction      Hex/Erth       3%         N/A       93%         4
 Olgreb's Toxic Radiance  Pois           6%         N/A       93%         4
 Alistair's Intoxication  Tmut/Pois      4%         N/A       100%        5
 Blade Hands              Tmut           3%         N/A       100%        5
 Borgnjor's Vile Clutch   Necr/Erth      3%         N/A       100%        5
 Lee's Rapid Deconstruct  Erth           3%         3d5*      100%        5
 Iron Shot                Conj/Erth      26%        9d6       34%         6
 Spellforged Servitor     Conj/Summ      30%        N/A       47%         7
 Ozocubu's Refrigeration  Ice            25%        4d13      92%         7
 Chain Lightning          Conj/Air       39%        3d52      97%         9
 Simulacrum               Ice/Necr       14%        N/A       98%         6
 Death Channel            Necr           3%         N/A       100%        6
 Dispersal                Tloc           3%         N/A       100%        6
 Statue Form              Tmut/Erth      4%         N/A       100%        6
 Monstrous Menagerie      Summ           16%        N/A       100%        7
 Borgnjor's Revivificati  Necr           3%         N/A       100%        8
 Ignition                 Fire           3%         3d4       100%        8
 Infestation              Necr           3%         N/A       100%        8
 Necromutation            Tmut/Necr      3%         N/A       100%        8
 Summon Horrible Things   Summ           16%        N/A       100%        8
 Death's Door             Necr           3%         N/A       100%        9
 Dragon's Call            Summ           16%        N/A       100%        9
 Fire Storm               Conj/Fire      26%        8d7       100%        9
 Shatter                  Erth           3%         3d7*      100%        9
 Animate Armour           Summ/Erth      Unusable   N/A       N/A         4

Dungeon Overview and Level Annotations

Branches:
Dungeon (15/15)            Temple (1/1) D:5            Lair (5/5) D:11
 Shoals (4/4) Lair:3       Spider (4/4) Lair:3        Slime (5/5) Lair:5
    Orc (2/2) D:12            Elf (3/3) Orc:2        Vaults (5/5) D:13
  Crypt (3/3) Vaults:3       Tomb (0/3) Crypt:3      Depths (4/4) D:15
   Hell (visited)             Dis (0/7) Hell            Geh (0/7) Hell
    Coc (0/7) Hell            Tar (0/7) Hell            Zot (5/5) Depths:4
  IceCv (visited)         Volcano (visited)         Gauntlet (visited)

Altars:
Ashenzari
Cheibriados
Dithmenos
Elyvilon
Fedhas
Gozag
Hepliaklqana
Kikubaaqudgha
Makhleb
Nemelex Xobeh
Okawaru
Qazlal
Ru
Sif Muna
Trog
Uskayaw
Vehumet
Wu Jian
Xom
Yredelemnul
Zin
The Shining One
Jiyva

Shops:
D:5 [   D:9 ((   D:12 *   Orc:1 [   Orc:2 ?(*(   Elf:2 *[=   Shoals:3 !
Vaults:3 :   Vaults:4 (   Vaults:5 !!([   Depths:1 (   Depths:2 =**:
Depths:3 (

Portals:
Hell: Lair:5 Depths:1 Depths:2 Depths:3 Depths:4
Abyss: Depths:2 Depths:3
Pandemonium: Depths:2 Depths:4
Ziggurat: Depths:1

Annotations:
Slime:5 Royal Jelly
Vaults:2 2 transporters
Depths:2 hellephant
Depths:4 2 transporters, browni3141's ghost, veteran VSMo


Innate Abilities, Weirdness & Mutations

You can breathe blasts of fire.
Your fiery red scales are hard. (AC +12)
You cannot fit into any form of body armour.
Your flesh is almost immune to the effects of heat. (rF+++)
You are cold-blooded and may be slowed by cold attacks.
You have a pair of small horns on your head.
You are very agile. (Dex +8, Str/Int -2)
You possess an exceptional clarity of mind.
Your mind is acute. (Int +4, Str/Dex -1)
Your magical capacity is low. (-10% MP)
You are strong-willed. (Will+)
You heal very quickly.
Your pliable body absorbs attacks. (AC +2, EV +2)
You occasionally lose the ability to drink potions when taking damage.
You occasionally lose the ability to read scrolls when taking damage.
Your melee attacks may engulf your foes in ooze.


Message History

You block the demonic crawler's attack. x2; The demonic crawler misses you.
You slash the demonic crawler! You burn the demonic crawler.
You tail-slap the demonic crawler.
The demonic crawler is almost dead.
You block the demonic crawler's attack. x3
You chop the demonic crawler into pieces!!!
You burn the demonic crawler.
You kill the demonic crawler!
You see here a +0 flail.
(D) Dungeon (T) Temple (L) Lair (A) Shoals (N) Spider Nest (M) Slime Pits (O) Orcish Mines (E) Elven Halls (V) Vaults (C) Crypt (W) Tomb (U) Depths (H) Hell (I) Dis (G) Gehenna (X) Cocytus (Y) Tartarus (Z) Zot
Where to? (Enter - D:1 @ (x,y), ? - help)
There is an open door here.
The meteoran shouts!
The naga shouts!
You swap places.
The felid hisses angrily.
The ogre shouts!
The spriggan shouts!
The meteoran shouts!
The merfolk shouts!
The tengu shouts!
The elf shouts!
The demigod shouts!
The kobold shouts!
The troll shouts!
The armataur shouts!
The orc shouts!
The octopode shouts!
The human shouts!
The demonspawn shouts!
The formicid shouts!
The minotaur bellows!
There is an open door here.
There is a staircase leading out of the dungeon here.
There is an open door here.
Press: ? - help, v - describe, . - travel A stone wall.
This square is covered in magical glow.
There is an open door here.
There is a staircase leading out of the dungeon here.
You have escaped!

##### #.@.# #...#
###'### #B#.#H#
########### ###.###
..........# #p#.#6#
#########.######.######
#..........#x#.#H#..# #
#.#####.######.####.#


There were no monsters in sight!

Vanquished Creatures
  3 dread liches
  5 orbs of fire
  An ancient lich (Depths:2)
  A pandemonium lord (Zot:2)
  5 Killer Klowns (Zot:5)
  Sojobo (Crypt:1)
  Vv (Depths:2)
  4 curse toes
  Geryon (Hell)
  A profane servitor (D:15)
  19 golden dragons
  the Enchantress (Depths:2)
  A bone dragon (Depths:4)
  Jory (Crypt:3)
  2 electric golems (Zot:5)
  A Brimstone Fiend (Zot:4)
  2 hellephants (Depths:2)
  17 tentacled monstrosities
  Mlioglotl (Shoals:4)
  Jorgrun (D:15)
  25 Orb Guardians (Zot:5)
  A lich (Depths:4)
  Asterion (Depths:2)
  2 deep elf blademasters
  5 quicksilver dragons
  3 deep elf master archers (Elf:3)
  4 titans (Vaults:5)
  A sphinx (Vaults:4)
  2 ancient champions
  9 death cobs
  2 krakens (Shoals:2)
  22 storm dragons
  Agnes (D:15)
  6 tengu reavers
  9 shadow dragons
  Donald (Vaults:1)
  4 revenants
  5 draconian monks
  Ilsuiw (Shoals:2)
  8 deep elf sorcerers
  11 frost giants
  11 fire giants
  An iron dragon (Depths:4)
  A balrug (Depths:4)
  Louise (Shoals:4)
  26 vault wardens
  4 ghost moths
  Aizul (Shoals:3)
  5 orc warlords
  6 emperor scorpions (Spider:4)
  2 deep elf elementalists (Elf:3)
  6 draconian scorchers
  6 draconian annihilators
  3 spriggan defenders (Depths:2)
  A spectral juggernaut (Depths:2)
  3 caustic shrike zombies
  5 draconian knights
  6 curse skulls
  A juggernaut zombie (Crypt:3)
  5 ghouls
  22 ironbound preservers
  9 reapers
  4 draconian shifters
  2 draconian stormcallers
  18 very ugly things
  4 war gargoyles
  5 broodmothers
  24 stone giants
  6 ironbound thunderhulks
  11 green draconians
  The ghost of Ribbiut the Fighter, a journeyman GrFi of Trog (Orc:1)
  11 black draconians
  4 deep elf demonologists
  15 vampire knights
  15 purple draconians
  10 white draconians
  8 deep elf annihilators
  12 red draconians
  14 dire elephants
  A minotaur (Gauntlet)
  10 yellow draconians
  3 blizzard demons (Depths:4)
  8 spark wasps
  A green death (Zot:1)
  An iron golem (Depths:4)
  6 eidola
  The ghost of Igid Odao the Unseen, a journeyman KoWn of Gozag (D:11)
  19 ettins
  9 merfolk impalers
  9 deep elf death magi
  Snorg (D:13)
  4 merfolk javelineers (Shoals:4)
  2 crystal guardians
  5 deep elf high priests
  9 fire dragons
  A quicksilver dragon zombie (Depths:3)
  6 entropy weavers
  11 jiangshi
  18 yaktaur captains
  A spriggan zombie (Crypt:1)
  4 rakshasas
  12 ice dragons
  2 peacekeepers
  8 hydras
  6 spriggan air magi
  A hell beast (Depths:4)
  36 vault guards
  10 two-headed ogres
  9 boulder beetles
  6 caustic shrike simulacra (IceCv)
  3 radroaches
  2 ogre magi
  2 alligator snapping turtles
  9 ironbound frosthearts
  10 centaur warriors
  A jorogumo (Spider:3)
  2 merfolk aquamancers
  2 death knights
  16 hell hogs
  3 spriggan skeletons
  2 merfolk avatars
  5 satyrs
  Erica (D:8)
  5 death yaks
  26 dancing weapons
  5 deep troll shamans
  3 tengu warriors
  6 deep troll earth magi
  A spriggan berserker (Depths:4)
  A titan zombie (Crypt:3)
  4 orc high priests
  12 vampire magi
  3 storm dragon zombies (Crypt:3)
  12 hell knights
  17 deep elf knights
  11 sun demons
  A salamander mystic (Volcano)
  6 soul eaters
  2 titan skeletons
  54 deep trolls
  A sixfirhy (Zot:2)
  A sun moth (Spider:3)
  8 iron trolls
  5 shadow wraiths
  2 fire crabs (Shoals:2)
  12 sea snakes
  5 pharaoh ants
  11 skeletal warriors
  An anaconda zombie (Crypt:3)
  10 orb spiders
  4 spark wasp zombies
  5 flayed ghosts
  2 golden dragon zombies (Crypt:3)
  4 bog bodies
  A shadow demon (Hell)
  The ghost of bpung the Covered, a novice GrFi of Makhleb (D:7)
  14 lindwurms
  2 anaconda skeletons
  14 deep elf archers
  9 wizards
  19 phantasmal warriors
  6 steelbarb worms
  18 ironbound convokers
  A golden dragon skeleton (Depths:3)
  20 orc knights
  25 deep elf pyromancers
  19 harpies
  2 obsidian statues (IceCv)
  25 deep elf zephyrmancers
  A sphinx zombie (Depths:2)
  13 necromancers
  17 wolf spiders
  38 ugly things
  2 cyclopes
  13 fauns
  4 orc sorcerers (Orc:2)
  2 stone giant zombies
  4 salamanders (Volcano)
  21 manticores
  A tengu skeleton (Vaults:4)
  2 iron dragon zombies
  21 moths of wrath
  A fire giant zombie (Depths:2)
  An oklob plant (Lair:3)
  A naga zombie (Crypt:3)
  6 water nymphs
  7 elephants
  12 merfolk sirens
  9 molten gargoyles
  6 smoke demons
  4 torpor snails
  3 black mambas
  7 rust devils
  9 demonic crawlers
  A human skeleton (Vaults:4)
  20 vault sentinels
  Maggie (D:9)
  Maurice (D:8)
  4 gargoyles
  3 orange demons
  12 cane toads
  A hellion (Zot:5)
  Psyche (D:9)
  7 komodo dragons
  2 efreet
  3 sea snake zombies (Hell)
  5 rime drakes
  9 freezing wraiths
  A tormentor (Depths:2)
  47 yaktaurs
  A tengu conjurer (D:12)
  4 golden dragon simulacra (IceCv)
  5 ice devils
  A green draconian skeleton (Crypt:1)
  A red devil (Lair:5)
  An anaconda simulacrum (Hell)
  2 harpy zombies (Crypt:3)
  A queen bee (Lair:3)
  A meliai (shapeshifter) (D:14)
  A red draconian skeleton (Crypt:3)
  4 hydra zombies
  A polar bear (Lair:2)
  34 merfolk
  29 tarantellas
  A pale draconian skeleton (Crypt:3)
  3 hellwings
  6 trolls
  9 meliai
  A hornet (Depths:2)
  6 wind drakes
  A harpy skeleton (Crypt:1)
  An alligator zombie (Hell)
  4 dream sheep
  An ettin zombie (Crypt:2)
  18 blink frogs
  A hydra skeleton (Hell)
  10 snapping turtles
  Sigmund (D:3)
  6 air elementals
  2 frost giant simulacra
  11 jumping spiders
  A shadow (D:11)
  21 vampires
  2 ettin skeletons
  21 culicivoras
  2 spriggans (Depths:2)
  A wind drake zombie (Crypt:2)
  4 wraiths
  18 fire elementals
  A fire bat (Shoals:2)
  A satyr skeleton (Crypt:3)
  10 wyverns
  53 yaks
  2 ynoxinuls
  17 water elementals
  6 basilisks
  A neqoxec (Gauntlet)
  2 chaos spawn
  9 vampire mosquitoes
  3 wargs
  3 steam dragons
  48 redbacks
  5 hell hounds (Lair:5)
  4 hydra simulacra
  4 acid dragons
  25 water moccasins
  A two-headed ogre skeleton (Crypt:2)
  4 black bears
  An ettin simulacrum (IceCv)
  5 ice beasts
  25 orc warriors
  16 ogres
  An elephant zombie (Crypt:3)
  A lindwurm skeleton (Crypt:3)
  12 centaurs
  8 wolves
  3 phantoms (D:6)
  10 bullfrogs
  4 kobold brigands
  6 necrophages
  A gnoll sergeant (D:13)
  5 earth elementals
  2 deep troll simulacra (IceCv)
  A glowing shapeshifter simulacrum (Vaults:4)
  4 scorpions
  2 cyclops zombies (Orc:1)
  A komodo dragon skeleton (Crypt:2)
  8 wights
  A water moccasin skeleton (Crypt:3)
  27 killer bees
  2 troll skeletons
  10 electric eels
  2 howler monkeys
  2 crimson imps (D:14)
  A basilisk zombie (Crypt:2)
  7 lava snakes (Lair:2)
  A gnoll bouda (D:6)
  4 hounds
  19 jellies
  10 orc priests
  2 iguanas
  3 iron imps (Gauntlet)
  A cyclops simulacrum (Orc:1)
  16 orc wizards
  2 hell rats (Lair:3)
  A deep dwarf zombie (Crypt:1)
  2 ogre zombies (Orc:1)
  A deep dwarf skeleton (Crypt:1)
  2 centaur simulacra
  An ogre skeleton (Orc:1)
  7 gnolls
  A howler monkey skeleton (Crypt:2)
  4 orc zombies (Orc:1)
  8 adders
  An ogre simulacrum (Orc:1)
  An orc skeleton (Orc:1)
  A river rat (Lair:3)
  A shadow imp (D:8)
  6 white imps
  3 ufetubi
  2 orc simulacra (Orc:1)
  A worm (D:2)
  A dart slug (D:3)
  49 orcs
  3 giant cockroaches
  3 hobgoblins
  3 jackals (D:1)
  37 kobolds
  2 quokkas (D:1)
  A ball python (D:4)
  2 bats (D:2)
  A gnoll skeleton (Crypt:1)
  7 goblins
  A spectral kobold (D:8)
  2 fire vortices (Depths:1)
  2 tentacles (Shoals:2)
2318 creatures vanquished.

Vanquished Creatures (collateral kills)
  A Killer Klown (Zot:5)
  Fannar (Orc:1)
  A deep elf pyromancer (Elf:1)
  An orc knight (D:15)
  3 ugly things (D:15)
  A salamander (D:15)
  A manticore (D:7)
  A tengu conjurer (D:15)
  A yak (D:9)
  2 orc warriors (D:15)
  A centaur (D:9)
  2 kobold brigands (D:9)
  A killer bee (D:9)
  3 kobolds (D:9)
20 creatures vanquished.

Vanquished Creatures (others)
  3 azure jellies
  2 titans (Vaults:5)
  A sphinx (Vaults:4)
  A storm dragon (Vaults:5)
  A draconian knight (Zot:4)
  A ghost moth (Spider:4)
  A ghost moth (shapeshifter) (Vaults:5)
  An ironbound preserver (Vaults:5)
  A war gargoyle (Depths:4)
  An ironbound thunderhulk (Vaults:4)
  A great orb of eyes (Vaults:3)
  2 merfolk javelineers (Shoals:4)
  3 merfolk aquamancers (Shoals:4)
  A centaur warrior (D:14)
  An ironbound frostheart (Vaults:3)
  A glowing orange brain (Vaults:3)
  2 wizards
  A deep troll (shapeshifter) (Vaults:5)
  A deep elf pyromancer (Elf:3)
  A deep elf zephyrmancer (Elf:1)
  An ironbound convoker (Vaults:1)
  A lindwurm (shapeshifter) (Vaults:5)
  A manticore (Shoals:4)
  2 ugly things
  An elephant (shapeshifter) (Vaults:5)
  A faun (shapeshifter) (Vaults:5)
  2 cyclopes
  2 vault sentinels
  2 rust devils (Depths:4)
  An eye of devastation (shapeshifter) (Depths:2)
  A yaktaur (Vaults:3)
  3 merfolk (Shoals:4)
  A troll (D:12)
  A tyrant leech (shapeshifter) (Depths:4)
  2 wind drakes (Shoals:4)
  A snapping turtle (Shoals:4)
  A dream sheep (Lair:5)
  A culicivora (Spider:3)
  37 slime creatures
  4 water elementals
  A fire elemental (Elf:3)
  A warg (shapeshifter) (Gauntlet)
  A warg (Orc:2)
  2 acid dragons
  A sky beast (shapeshifter) (Gauntlet)
  2 orc warriors (Orc:1)
  3 wolves (Lair:4)
  A centaur (D:5)
  2 scorpions (D:5)
  8 killer bees
  381 jellies
  An electric eel (Elf:3)
  A lava snake (Depths:1)
  A quasit (Zot:5)
  A hound (D:6)
  An iron imp (Gauntlet)
  An orc priest (Orc:2)
  Jessica (D:2)
  3 orc wizards
  Robin (D:2)
  3 adders
  6 orcs
  2 endoplasms
  10 goblins
  3 hobgoblins
  2 quokkas
  2 ball pythons
  A bat (D:2)
  A kobold (D:9)
  3 rats
  108 ball lightnings
  117 fungi
  218 plants
  6 tentacles (Shoals:2)
989 creatures vanquished.

Grand Total: 3327 creatures vanquished

Notes
Turn   | Place    | Note
-------+----------+-------------------------------------------
     0 | D:1      | octoduck the Draconian Ice Elementalist began the quest for
                  | the Orb.
     0 | D:1      | Reached XP level 1. HP: 14/14 MP: 3/3
     2 | D:1      | Noticed a formicid
     2 | D:1      | Noticed a minotaur
     4 | D:1      | Noticed a human
     4 | D:1      | Noticed a demonspawn
     6 | D:1      | Noticed an octopode
     6 | D:1      | Noticed an armataur
     8 | D:1      | Noticed a troll
    12 | D:1      | Noticed a demigod
    14 | D:1      | Noticed a draconian
    16 | D:1      | Noticed an elf
    16 | D:1      | Noticed a tengu
    18 | D:1      | Noticed a ghoul
    18 | D:1      | Noticed a gargoyle
    20 | D:1      | Noticed a meteoran
    20 | D:1      | Noticed a merfolk
    22 | D:1      | Noticed an ogre
    22 | D:1      | Noticed a spriggan
    24 | D:1      | Noticed a felid
    24 | D:1      | Noticed a vampire
    26 | D:1      | Noticed a meteoran
    26 | D:1      | Noticed a naga
    28 | D:1      | Noticed a vampire
    28 | D:1      | Noticed a vampire
   341 | D:1      | Found a faded altar of an unknown god.
   355 | D:1      | Found a faded altar of an unknown god.
   377 | D:1      | Prayed at the altar of an unknown god.
   377 | D:1      | Became a worshipper of Jiyva Joriehu the Shapeless
   377 | D:1      | Reached * piety under Jiyva
   436 | D:1      | Reached XP level 2. HP: 20/20 MP: 3/5
   986 | D:2      | Reached skill level 5 in Ice Magic
   991 | D:2      | Reached XP level 3. HP: 26/26 MP: 4/6
   999 | D:2      | Killed Robin
  1006 | D:2      | Killed Jessica
  1106 | D:2      | Reached ** piety under Jiyva
  1251 | D:2      | Reached XP level 4. HP: 33/33 MP: 4/7
  1255 | D:2      | Learned a level 3 spell: Frozen Ramparts
  1259 | D:2      | Learned a level 3 spell: Ozocubu's Armour
  1980 | D:3      | Noticed Sigmund
  2009 | D:3      | Killed Sigmund
  2010 | D:3      | Reached XP level 5. HP: 38/38 MP: 1/8
  2076 | D:4      | Found an ornate altar of the Wu Jian Council.
  2088 | D:4      | Reached *** piety under Jiyva
  2096 | D:4      | Reached XP level 6. HP: 45/45 MP: 7/9
  2193 | D:4      | Gained mutation: Your translucent skin slightly reduces
                  | your foes' accuracy. (Stealth+) [Jiyva's grace]
  2193 | D:4      | Gained mutation: Your translucent skin reduces your foes'
                  | accuracy. (Stealth+) [Jiyva's grace]
  2193 | D:4      | Gained mutation: Your transparent skin significantly
                  | reduces your foes' accuracy. (Stealth+) [Jiyva's grace]
  2193 | D:4      | Gained mutation: You have sharp toenails. [Jiyva's grace]
  2639 | D:5      | Entered Level 5 of the Dungeon
  2716 | D:5      | Your scales start taking on a fiery red colour.
  2716 | D:5      | Reached XP level 7. HP: 47/50 MP: 8/10
  2716 | D:5      | Gained mutation: Your flesh is heat resistant. (rF+) [Red
                  | Draconian growth]
  2756 | D:5      | Reached **** piety under Jiyva
  2839 | D:5      | Found a staircase to the Ecumenical Temple.
  2846 | Temple   | Entered the Ecumenical Temple
  3118 | D:5      | Reached skill level 1 in Short Blades
  3480 | D:5      | Found Niwogh's Antique Armour Shoppe.
  3791 | D:6      | Reached XP level 8. HP: 57/57 MP: 7/11
  3805 | D:6      | Reached ***** piety under Jiyva
  3938 | D:6      | Gained mutation: Your body has grown eyes which may confuse
                  | attackers. (Acc +3) [Jiyva's grace]
  3938 | D:6      | Gained mutation: Your body has grown many eyes which may
                  | confuse attackers. (Acc +5) [Jiyva's grace]
  3938 | D:6      | Gained mutation: Your body is covered in eyes which may
                  | confuse attackers. (Acc +7, SInv) [Jiyva's grace]
  3938 | D:6      | Gained mutation: You have a pair of small horns on your
                  | head. [Jiyva's grace]
  4273 | D:6      | Reached skill level 5 in Short Blades
  4273 | D:6      | Reached skill level 5 in Dodging
  4403 | D:6      | Reached XP level 9. HP: 62/62 MP: 12/12
  4429 | D:6      | Noticed a manticore
  4436 | D:6      | Killed a manticore
  4607 | D:7      | Found a runed translucent gate.
  4607 | D:7      | Found a runed translucent gate.
  4607 | D:7      | Found a runed translucent gate.
  4735 | D:7      | Learned a level 4 spell: Summon Ice Beast
  4762 | D:7      | Reached skill level 1 in Summonings
  4797 | D:7      | Noticed bpung's ghost (novice GrFi)
  5190 | D:7      | Noticed a manticore
  5202 | D:7      | Killed a manticore
  5412 | D:7      | Reached skill level 1 in Shields
  5412 | D:7      | Reached XP level 10. HP: 60/69 MP: 10/13
  5416 | D:7      | Killed bpung's ghost
  5554 | D:8      | Found a hazy altar of Hepliaklqana.
  5606 | D:8      | Noticed Maurice
  5622 | D:8      | Killed Maurice
  5727 | D:8      | Reached skill level 5 in Summonings
  5763 | D:8      | Noticed Erica
  5796 | D:8      | Found a broken altar of Ashenzari.
  6149 | D:8      | Killed Erica
  6292 | D:9      | Noticed a two-headed ogre
  6297 | D:9      | Reached skill level 5 in Shields
  6301 | D:9      | Reached skill level 1 in Fighting
  6304 | D:9      | Reached skill level 2 in Fighting
  6304 | D:9      | Reached skill level 1 in Long Blades
  6308 | D:9      | Killed a two-headed ogre
  6309 | D:9      | Reached skill level 3 in Fighting
  6338 | D:9      | Gained mutation: You are agile. (Dex +4, Str/Int -1)
                  | [Jiyva's grace]
  6338 | D:9      | Gained mutation: You are very agile. (Dex +8, Str/Int -2)
                  | [Jiyva's grace]
  6338 | D:9      | Gained mutation: You are robust. (+10% HP) [Jiyva's grace]
  6338 | D:9      | Gained mutation: You are very robust. (+20% HP) [Jiyva's
                  | grace]
  6383 | D:9      | Found Xeesusew's Weapon Shoppe.
  6422 | D:9      | Noticed Maggie
  6431 | D:9      | Killed Maggie
  6473 | D:9      | Identified the +5 ring mail of the First Snow {+Blink rPois
                  | Str+3 Dex-2}
  6479 | D:9      | Reached skill level 4 in Fighting
  6479 | D:9      | Reached XP level 11. HP: 100/100 MP: 14/14
  6570 | D:9      | Found Okao's Weapon Boutique.
  6579 | D:9      | Noticed Psyche
  6593 | D:9      | Killed Psyche
  6919 | D:9      | Reached skill level 5 in Fighting
  6968 | D:10     | Entered Level 10 of the Dungeon
  7169 | D:10     | Reached ****** piety under Jiyva
  7247 | D:10     | Reached skill level 5 in Long Blades
  7296 | D:10     | Reached skill level 6 in Fighting
  7531 | D:10     | Found an iron altar of Okawaru.
  7562 | D:10     | Found a shimmering altar of Xom.
  7816 | D:11     | Found a staircase to the Lair.
  7971 | D:11     | Noticed a two-headed ogre
  7976 | D:11     | Killed a two-headed ogre
  7977 | D:11     | Reached skill level 7 in Fighting
  8023 | D:11     | Found a runed translucent gate.
  8023 | D:11     | Found a runed translucent gate.
  8023 | D:11     | Found a runed translucent gate.
  8024 | D:11     | Found an opulent altar of Gozag.
  8025 | D:11     | Noticed a death knight
  8026 | D:11     | Noticed Igid Odao's ghost (journeyman KoWn)
  8027 | D:11     | Noticed a seven-headed hydra
  8402 | D:11     | Killed a five-headed hydra
  8404 | D:11     | Reached skill level 8 in Fighting
  8409 | D:11     | Killed a death knight
  8416 | D:11     | Killed Igid Odao's ghost
  8470 | D:12     | Noticed a purple ugly thing
  8470 | D:12     | Noticed a two-headed ogre
  8470 | D:12     | Found Zoahuuf's Assorted Antiques.
  8491 | D:12     | Noticed a boulder beetle
  8503 | D:12     | Noticed a deep elf pyromancer
  8508 | D:12     | Reached XP level 12. HP: 121/123 MP: 15/15
  8522 | D:12     | Reached skill level 9 in Fighting
  8543 | D:12     | Killed a boulder beetle
  8594 | D:12     | Lost mutation: Your transparent skin significantly reduces
                  | your foes' accuracy. (Stealth+) [Jiyva's grace]
  8594 | D:12     | Lost mutation: Your translucent skin reduces your foes'
                  | accuracy. (Stealth+) [Jiyva's grace]
  8594 | D:12     | Lost mutation: Your translucent skin slightly reduces your
                  | foes' accuracy. (Stealth+) [Jiyva's grace]
  8594 | D:12     | Gained mutation: You are strong-willed. (Will+) [Jiyva's
                  | grace]
  8594 | D:12     | Gained mutation: You are highly strong-willed. (Will++)
                  | [Jiyva's grace]
  8594 | D:12     | Gained mutation: You are extremely strong-willed. (Will+++)
                  | [Jiyva's grace]
  8594 | D:12     | Gained mutation: Your spells are a little harder to cast,
                  | but a little more powerful. [Jiyva's grace]
  8658 | D:12     | Killed a two-headed ogre
  8844 | D:12     | Found a staircase to the Orcish Mines.
  8860 | D:12     | Noticed a boulder beetle
  8901 | D:12     | Killed a boulder beetle
  8902 | D:12     | Reached skill level 10 in Fighting
  8935 | D:12     | Learned a level 4 spell: Summon Lightning Spire
  9000 | D:12     | Noticed a tengu warrior
  9008 | D:12     | Reached skill level 1 in Air Magic
  9020 | D:12     | Killed a tengu warrior
  9178 | D:13     | Noticed Snorg
  9207 | D:13     | Noticed a centaur warrior
  9222 | D:13     | Killed a centaur warrior
  9235 | D:13     | Found a shadowy altar of Dithmenos.
  9301 | D:13     | Noticed a centaur warrior
  9321 | D:13     | Killed a centaur warrior
  9322 | D:13     | Reached skill level 10 in Long Blades
  9349 | D:13     | Noticed a boulder beetle
  9367 | D:13     | Killed a boulder beetle
  9371 | D:13     | Noticed a centaur warrior
  9378 | D:13     | Killed a centaur warrior
  9775 | D:13     | Noticed a centaur warrior
  9782 | D:13     | Noticed a boulder beetle
  9786 | D:13     | Killed a centaur warrior
  9787 | D:13     | Reached skill level 5 in Air Magic
  9819 | D:13     | Noticed an ironbound preserver
  9828 | D:13     | Killed a boulder beetle
  9850 | D:13     | Noticed a two-headed ogre
  9864 | D:13     | Killed a two-headed ogre
  9872 | D:13     | Found a gate to the Vaults.
  9880 | D:13     | Noticed a centaur warrior
  9890 | D:13     | Killed a centaur warrior
  9963 | D:13     | Reached XP level 13. HP: 135/135 MP: 16/16
  9967 | D:13     | Killed Snorg
  9978 | D:13     | Killed an ironbound preserver
 10469 | D:14     | Lost mutation: You are very agile. (Dex +8, Str/Int -2)
                  | [Jiyva's grace]
 10469 | D:14     | Lost mutation: You are agile. (Dex +4, Str/Int -1) [Jiyva's
                  | grace]
 10469 | D:14     | Lost mutation: Your spells are a little harder to cast, but
                  | a little more powerful. [Jiyva's grace]
 10469 | D:14     | Lost mutation: Your body is covered in eyes which may
                  | confuse attackers. (Acc +7, SInv) [Jiyva's grace]
 10469 | D:14     | Gained mutation: You have a small jelly attached to you
                  | that may absorb projectiles. [Jiyva's grace]
 10469 | D:14     | Gained mutation: Your flesh is very heat resistant. (rF++)
                  | [Jiyva's grace]
 10469 | D:14     | Gained mutation: Your flesh is almost immune to the effects
                  | of heat. (rF+++) [Jiyva's grace]
 10469 | D:14     | Gained mutation: You are covered in slimy tendrils that may
                  | disarm your opponents. [Jiyva's grace]
 10652 | D:14     | Identified the +1 plate armour "Denkuu" {*Slow Str+5 Dex+4}
 10746 | D:15     | Entered Level 15 of the Dungeon
 10990 | D:15     | Noticed a dire elephant
 11012 | D:15     | Noticed Jorgrun
 11025 | D:15     | Noticed Agnes
 11033 | D:15     | Killed Jorgrun
 11037 | D:15     | Killed Agnes
 11042 | D:15     | Killed a dire elephant
 11114 | D:15     | Found a gate leading to a gauntlet.
 11123 | Gauntlet | Entered a Gauntlet
 11123 | Gauntlet | Found a transporter.
 11123 | Gauntlet | Found a transporter.
 11124 | Gauntlet | Found a runed translucent door.
 11127 | Gauntlet | Found a transporter.
 11128 | Gauntlet | Found a transporter.
 11128 | Gauntlet | Found a transporter.
 11159 | Gauntlet | Found a transporter.
 11161 | Gauntlet | Found a transporter.
 11161 | Gauntlet | Found a transporter.
 11174 | Gauntlet | Found a transporter.
 11175 | Gauntlet | Found the +1 cloak of Starlight {*Dazzle EV+4 Stlth--}
 11190 | Gauntlet | Found a transporter.
 11200 | Gauntlet | Found a transporter.
 11201 | Gauntlet | Found the ring of the Hare {EV+10}
 11217 | Gauntlet | Found a transporter.
 11234 | Gauntlet | Found a transporter.
 11246 | Gauntlet | Found a transporter.
 11269 | Gauntlet | Learned a level 4 spell: Airstrike
 11326 | Gauntlet | Reached XP level 14. HP: 87/140 MP: 16/20
 11336 | Gauntlet | Identified the +4 bardiche of Zyusu {speed, rC++ rN+ Int-5
                  | Dex+3}
 11530 | Gauntlet | Identified the ring of the Equinox {Fire rPois}
 11531 | Gauntlet | Got the Folio of Creation and Ozone
 11564 | D:15     | Found a staircase to the Depths.
 11878 | Lair:1   | Entered Level 1 of the Lair of Beasts
 11879 | Lair:1   | Lost mutation: Your body has grown many eyes which may
                  | confuse attackers. (Acc +5) [Jiyva's grace]
 11879 | Lair:1   | Lost mutation: You are covered in slimy tendrils that may
                  | disarm your opponents. [Jiyva's grace]
 11879 | Lair:1   | Gained mutation: You are partially covered in large bone
                  | plates. (SH +4) [Jiyva's grace]
 11879 | Lair:1   | Gained mutation: You are mostly covered in large bone
                  | plates. (SH +6) [Jiyva's grace]
 11879 | Lair:1   | Gained mutation: You are completely covered in large bone
                  | plates. (SH +8) [Jiyva's grace]
 11879 | Lair:1   | Gained mutation: You have razor-sharp toenails. [Jiyva's
                  | grace]
 11900 | Lair:1   | Lost mutation: You are extremely strong-willed. (Will+++)
                  | [potion of mutation]
 11900 | Lair:1   | Lost mutation: You are completely covered in large bone
                  | plates. (SH +8) [potion of mutation]
 11900 | Lair:1   | Lost mutation: You have razor-sharp toenails. [potion of
                  | mutation]
 11900 | Lair:1   | Lost mutation: You are very robust. (+20% HP) [potion of
                  | mutation]
 13495 | Lair:2   | Reached skill level 10 in Air Magic
 13931 | Lair:2   | Lost mutation: You are mostly covered in large bone plates.
                  | (SH +6) [Jiyva's grace]
 13931 | Lair:2   | Lost mutation: You are highly strong-willed. (Will++)
                  | [Jiyva's grace]
 13931 | Lair:2   | Gained mutation: You passively dampen the noise of your
                  | surroundings. [Jiyva's grace]
 13931 | Lair:2   | Gained mutation: Your tail ends in a venomous barb.
                  | [Jiyva's grace]
 13931 | Lair:2   | Gained mutation: Your tail ends in a sharp venomous barb.
                  | [Jiyva's grace]
 13931 | Lair:2   | Gained mutation: Your tail ends in a wickedly sharp and
                  | venomous barb. [Jiyva's grace]
 14235 | Lair:3   | Identified the +0 chain mail "Kobigg" {+Blink Str-5 Int+6
                  | Stlth+}
 14631 | Lair:3   | Found a staircase to the Shoals.
 14807 | Lair:3   | Found a hole to the Spider Nest.
 15321 | Lair:4   | Reached skill level 10 in Dodging
 15439 | Lair:4   | Lost mutation: You have a pair of small horns on your head.
                  | [Jiyva's grace]
 15439 | Lair:4   | Lost mutation: Your tail ends in a wickedly sharp and
                  | venomous barb. [Jiyva's grace]
 15439 | Lair:4   | Lost mutation: You are robust. (+10% HP) [Jiyva's grace]
 15439 | Lair:4   | Lost mutation: Your body has grown eyes which may confuse
                  | attackers. (Acc +3) [Jiyva's grace]
 15439 | Lair:4   | Lost mutation: You passively dampen the noise of your
                  | surroundings. [Jiyva's grace]
 15439 | Lair:4   | Gained mutation: You are agile. (Dex +4, Str/Int -1)
                  | [Jiyva's grace]
 15439 | Lair:4   | Gained mutation: You are very agile. (Dex +8, Str/Int -2)
                  | [Jiyva's grace]
 15439 | Lair:4   | Gained mutation: You have a pair of small horns on your
                  | head. [Jiyva's grace]
 15439 | Lair:4   | Gained mutation: You have a pair of horns on your head.
                  | [Jiyva's grace]
 15630 | Lair:4   | Found a sacrificial altar of Ru.
 16161 | Lair:5   | Entered Level 5 of the Lair of Beasts
 16269 | Lair:5   | Reached XP level 15. HP: 107/126 MP: 21/21
 16404 | Lair:5   | Found a viscous altar of Jiyva.
 16404 | Lair:5   | Found a staircase to the Slime Pits.
 16700 | Lair:5   | Found a dark tunnel.
 16708 | Volcano  | Entered a volcano
 16780 | Volcano  | Lost mutation: Your tail ends in a sharp venomous barb.
                  | [Jiyva's grace]
 16780 | Volcano  | Lost mutation: You have a small jelly attached to you that
                  | may absorb projectiles. [Jiyva's grace]
 16780 | Volcano  | Gained mutation: Your flesh is cold resistant. (rC+)
                  | [Jiyva's grace]
 16780 | Volcano  | Gained mutation: Your flesh is very cold resistant. (rC++)
                  | [Jiyva's grace]
 16780 | Volcano  | Gained mutation: Your flesh is almost immune to the effects
                  | of cold. (rC+++) [Jiyva's grace]
 16780 | Volcano  | Gained mutation: Your system is resistant to poisons.
                  | (rPois) [Jiyva's grace]
 16894 | Volcano  | Noticed an orb of fire
 16949 | Volcano  | Noticed an orb of fire
 17247 | Lair:5   | Found a burning altar of Makhleb.
 17283 | Lair:5   | Found a gateway to Hell.
 17290 | Lair:5   | Identified the ring "Naint" {rF+ rC+++ Int+3 Dex-3}
 17417 | Slime:1  | Entered Level 1 of the Pits of Slime
 17530 | Slime:2  | Noticed a rockslime
 17530 | Slime:2  | Noticed a rockslime
 17535 | Slime:2  | Noticed a rockslime
 17535 | Slime:2  | Noticed a rockslime
 17538 | Slime:2  | Noticed a rockslime
 17570 | Slime:2  | Noticed an azure jelly
 17583 | Slime:2  | Noticed an azure jelly
 17632 | Slime:3  | Noticed an acid blob
 17639 | Slime:3  | Noticed an azure jelly
 17712 | Slime:5  | Entered Level 5 of the Pits of Slime
 17789 | Slime:5  | Noticed an acid blob
 17832 | Slime:5  | Found a viscous altar of Jiyva.
 17832 | Slime:5  | Noticed an acid blob
 17833 | Slime:5  | Found the dreamshard necklace {*Dream Drain}
 17835 | Slime:5  | Noticed the Royal Jelly
 17842 | Slime:5  | Found the amulet of Vitality {RegenMP++ Regen++}
 17843 | Slime:5  | Found the amulet of the Air {Inacc Air Fly rElec RMsl}
 17848 | Slime:5  | Identified the +6 long sword "Impbane" {flame, rPois rN+}
 17852 | Slime:5  | Got a slimy rune of Zot
 17864 | Slime:5  | Identified the ring "Urilygg" {rC+ rN+ Int-5 Dex+4}
 17866 | Slime:5  | Identified the +1 spear of the Abyss {flame, *Rage +Blink
                  | rF+++ Dex+3}
 17887 | Slime:5  | Noticed an acid blob
 17893 | Slime:5  | Noticed an azure jelly
 17897 | Slime:5  | Noticed an acid blob
 17980 | Slime:1  | Noticed a rockslime
 17985 | Slime:1  | Noticed an azure jelly
 17985 | Slime:1  | Noticed an acid blob
 17987 | Slime:2  | Noticed a rockslime
 18175 | Orc:1    | Entered Level 1 of the Orcish Mines
 18243 | Orc:1    | Noticed Fannar
 18289 | Orc:1    | Killed Fannar
 18418 | Orc:1    | Found Izxegug's Armour Shoppe.
 18471 | Orc:1    | Found a runed translucent gate.
 18471 | Orc:1    | Found a runed translucent gate.
 18472 | Orc:1    | Found a runed translucent gate.
 18854 | Orc:1    | Noticed Ribbiut's ghost (journeyman GrFi)
 18858 | Orc:1    | Found an iron altar of Okawaru.
 18948 | Orc:1    | Killed Ribbiut's ghost
 18949 | Orc:1    | Reached skill level 11 in Fighting
 18970 | Orc:1    | Got the Commentary on Metallic Rallying
 18971 | Orc:1    | Identified the +1 mace of Terra Cotta {protect, Will+ rCorr
                  | Int+4}
 19030 | Orc:2    | Entered Level 2 of the Orcish Mines
 19109 | Orc:2    | Found a staircase to the Elven Halls.
 19414 | Orc:2    | Reached skill level 5 in Spellcasting
 19431 | Orc:2    | Found Saumusu's Magic Scroll Boutique.
 19431 | Orc:2    | Found Relut's Weapon Emporium.
 19433 | Orc:2    | Found Vaugaes's Antique Weapon Emporium.
 19433 | Orc:2    | Found Ymamiwev's General Store.
 19572 | Orc:2    | Bought a scroll of enchant weapon for 105 gold pieces
 19572 | Orc:2    | Bought a scroll of enchant weapon for 105 gold pieces
 19572 | Orc:2    | Bought a scroll of enchant armour for 105 gold pieces
 19572 | Orc:2    | Bought a scroll of teleportation for 42 gold pieces
 19792 | Orc:1    | Lost mutation: You have a pair of horns on your head.
                  | [Jiyva's grace]
 19792 | Orc:1    | Lost mutation: You have sharp toenails. [Jiyva's grace]
 19792 | Orc:1    | Lost mutation: You are very agile. (Dex +8, Str/Int -2)
                  | [Jiyva's grace]
 19792 | Orc:1    | Lost mutation: Your flesh is almost immune to the effects
                  | of cold. (rC+++) [Jiyva's grace]
 19792 | Orc:1    | Gained mutation: Your tail ends in a sharp venomous barb.
                  | [Jiyva's grace]
 19792 | Orc:1    | Gained mutation: Your tail ends in a wickedly sharp and
                  | venomous barb. [Jiyva's grace]
 19792 | Orc:1    | Gained mutation: Your rubbery body absorbs attacks. (AC +1,
                  | EV +1) [Jiyva's grace]
 19792 | Orc:1    | Gained mutation: Your pliable body absorbs attacks. (AC +2,
                  | EV +2) [Jiyva's grace]
 20080 | D:12     | Bought a potion of cancellation for 248 gold pieces
 20229 | Elf:1    | Entered Level 1 of the Elven Halls
 20238 | Elf:1    | Reached XP level 16. HP: 138/138 MP: 23/23
 20431 | Elf:1    | Reached skill level 12 in Fighting
 20639 | Elf:1    | Paralysed by an air elemental for 1 turns
 20844 | Elf:1    | Found a flickering gateway to a bazaar.
 20855 | Bazaar   | Entered a bazaar
 20855 | Bazaar   | Found Usesau's Antique Armour Emporium.
 20870 | Bazaar   | Found Cuwkafah's Magic Scroll Boutique.
 20878 | Bazaar   | Found Isehe's Antique Weapon Boutique.
 20882 | Bazaar   | Found Meehiuck's Jewellery Boutique.
 20888 | Bazaar   | Found Taic's Distillery.
 20898 | Bazaar   | Bought a potion of heal wounds for 55 gold pieces
 20898 | Bazaar   | Bought a potion of heal wounds for 55 gold pieces
 20898 | Bazaar   | Bought a potion of might for 44 gold pieces
 20912 | Bazaar   | Bought a great sword for 188 gold pieces
 20921 | Bazaar   | Bought a scroll of fog for 36 gold pieces
 20921 | Bazaar   | Bought a scroll of brand weapon for 85 gold pieces
 20921 | Bazaar   | Bought a scroll of blinking for 67 gold pieces
 20921 | Bazaar   | Bought a scroll of teleportation for 27 gold pieces
 20921 | Bazaar   | Bought a scroll of fear for 36 gold pieces
 21203 | Elf:1    | Got the Thoughts on the Impact
 21210 | Elf:1    | Learned a level 5 spell: Freezing Cloud
 21399 | Elf:1    | Reached skill level 1 in Conjurations
 21544 | Elf:2    | Found a frozen archway.
 21593 | IceCv    | Entered an ice cave
 21742 | IceCv    | Identified a scroll of acquirement
 21746 | IceCv    | Acquired a +2 pair of boots of rampaging
 21790 | IceCv    | Reached skill level 13 in Fighting
 22168 | Elf:2    | Reached skill level 5 in Conjurations
 22294 | Elf:2    | Noticed a deep elf blademaster
 22309 | Elf:2    | Killed a deep elf blademaster
 22346 | Elf:2    | Reached skill level 14 in Fighting
 22418 | Elf:2    | Found a runed translucent gate.
 22418 | Elf:2    | Found a runed translucent gate.
 22419 | Elf:2    | Found a runed translucent gate.
 22600 | Elf:2    | Lost mutation: Your flesh is very cold resistant. (rC++)
                  | [Jiyva's grace]
 22600 | Elf:2    | Lost mutation: Your flesh is cold resistant. (rC+) [Jiyva's
                  | grace]
 22600 | Elf:2    | Gained mutation: Your translucent skin slightly reduces
                  | your foes' accuracy. (Stealth+) [Jiyva's grace]
 22600 | Elf:2    | Gained mutation: Your translucent skin reduces your foes'
                  | accuracy. (Stealth+) [Jiyva's grace]
 22600 | Elf:2    | Gained mutation: Your transparent skin significantly
                  | reduces your foes' accuracy. (Stealth+) [Jiyva's grace]
 22600 | Elf:2    | Gained mutation: You have a pair of horns on your head.
                  | [Jiyva's grace]
 22762 | Elf:2    | Reached XP level 17. HP: 115/154 MP: 6/26
 23010 | Elf:2    | Found Ydirch's Jewellery Shop.
 23012 | Elf:2    | Found Herig's Armour Boutique.
 23014 | Elf:2    | Found Ihucheg's Assorted Antiques.
 23034 | Elf:2    | Bought a scorched cloak for 323 gold pieces
 23034 | Elf:2    | Identified the +0 cloak of the Realm of Zot {SInv} (You
                  | bought it in a shop on level 2 of the Elven Halls)
 23062 | Elf:2    | Paralysed by an air elemental for 1 turns
 23318 | Elf:3    | Entered Level 3 of the Elven Halls
 23644 | Elf:3    | Identified the +7 scale mail of Beyond {rCorr Str+3 Slay-2}
 23782 | Elf:3    | Paralysed by an air elemental for 1 turns
 24090 | Elf:3    | Found a stormy altar of Qazlal.
 24145 | Elf:3    | Noticed a deep elf master archer
 24157 | Elf:3    | Reached skill level 15 in Air Magic
 24165 | Elf:3    | Killed a deep elf master archer
 24308 | Elf:3    | Noticed a deep elf blademaster
 24312 | Elf:3    | Identified the +2 scale mail "Geisipri" {Regen+ SInv}
 24312 | Elf:3    | Noticed a deep elf master archer
 24315 | Elf:3    | Killed a deep elf blademaster
 24317 | Elf:3    | Killed a deep elf master archer
 24335 | Elf:3    | Identified the +4 rapier "Ovvom" {drain, rC+ rCorr SInv}
 24573 | Elf:3    | Reached skill level 10 in Conjurations
 24683 | Elf:3    | Identified the +7 spear "Ytouhuv" {heavy, rPois}
 24805 | Elf:3    | Noticed a deep elf master archer
 24811 | Elf:3    | Killed a deep elf master archer
 24826 | Elf:3    | Lost mutation: Your flesh is almost immune to the effects
                  | of heat. (rF+++) [Jiyva's grace]
 24826 | Elf:3    | Lost mutation: Your pliable body absorbs attacks. (AC +2,
                  | EV +2) [Jiyva's grace]
 24826 | Elf:3    | Lost mutation: Your rubbery body absorbs attacks. (AC +1,
                  | EV +1) [Jiyva's grace]
 24826 | Elf:3    | Gained mutation: You have a somewhat thin skeletal
                  | structure. (Dex +2, Stealth+) [Jiyva's grace]
 24826 | Elf:3    | Gained mutation: You have a moderately thin skeletal
                  | structure. (Dex +4, Stealth++) [Jiyva's grace]
 24826 | Elf:3    | Gained mutation: You have an unnaturally thin skeletal
                  | structure. (Dex +6, Stealth+++) [Jiyva's grace]
 24826 | Elf:3    | Gained mutation: You are very agile. (Dex +8, Str/Int -2)
                  | [Jiyva's grace]
 24844 | Elf:3    | Got the Folio of Wintry Convocation
 24859 | Elf:3    | Identified the +1 helmet "Lafec" {Harm rElec Dex+3}
 24902 | Elf:3    | Identified the +10 scimitar of Vanity {freeze, +Blink rElec
                  | rC-}
 25176 | Orc:2    | Upgraded the game from 0.30-a0-728-gc68057be0a to
                  | 0.30-a0-737-gf23d94013f
 25387 | Depths:1 | Entered Level 1 of the Depths
 25473 | Depths:1 | Found Ixenyfusch's Weapon Emporium.
 25537 | Depths:1 | Found a shimmering altar of Xom.
 26006 | Depths:1 | Reached XP level 18. HP: 161/161 MP: 27/27
 26216 | Depths:1 | Found a one-way gateway to a ziggurat.
 26621 | Depths:2 | Found a one-way gate to the infinite horrors of the Abyss.
 26744 | Depths:2 | Identified the ring of Nais {Wiz rF++ Dex+2 Stlth+}
 26748 | Depths:2 | Noticed the Enchantress
 26776 | Depths:2 | Killed the Enchantress
 26832 | Depths:2 | Noticed a golden dragon
 26862 | Depths:2 | Killed a golden dragon
 27056 | Depths:2 | Noticed Asterion
 27080 | Depths:2 | Killed Asterion
 27198 | Depths:2 | Found a one-way gate leading to the halls of Pandemonium.
 27217 | Depths:2 | Reached skill level 10 in Shields
 27249 | Depths:2 | Found Wuwosoh's Book Boutique.
 27250 | Depths:2 | Found Zaugye's General Store.
 27250 | Depths:2 | Found Hoclar's General Store.
 27270 | Depths:2 | Found Doloezue's Jewellery Shop.
 27275 | Depths:2 | Bought a potion of heal wounds for 100 gold pieces
 27282 | Depths:2 | Bought a scroll of magic mapping for 120 gold pieces
 27543 | Depths:2 | Noticed a hellephant
 27543 | Depths:2 | Noticed a hellephant
 27618 | Depths:2 | Noticed Vv
 27918 | Shoals:1 | Entered Level 1 of the Shoals
 27928 | Shoals:1 | Lost mutation: Your tail ends in a wickedly sharp and
                  | venomous barb. [Jiyva's grace]
 27928 | Shoals:1 | Lost mutation: Your tail ends in a sharp venomous barb.
                  | [Jiyva's grace]
 27928 | Shoals:1 | Lost mutation: You are partially covered in large bone
                  | plates. (SH +4) [Jiyva's grace]
 27928 | Shoals:1 | Lost mutation: You are very agile. (Dex +8, Str/Int -2)
                  | [Jiyva's grace]
 27928 | Shoals:1 | Lost mutation: Your flesh is very heat resistant. (rF++)
                  | [Jiyva's grace]
 27928 | Shoals:1 | Lost mutation: Your transparent skin significantly reduces
                  | your foes' accuracy. (Stealth+) [Jiyva's grace]
 27928 | Shoals:1 | Lost mutation: Your translucent skin reduces your foes'
                  | accuracy. (Stealth+) [Jiyva's grace]
 27928 | Shoals:1 | Gained mutation: Your spells are a little harder to cast,
                  | but a little more powerful. [Jiyva's grace]
 27928 | Shoals:1 | Gained mutation: Your spells are harder to cast, but more
                  | powerful. [Jiyva's grace]
 27928 | Shoals:1 | Gained mutation: Your spells are much harder to cast, but
                  | much more powerful. [Jiyva's grace]
 27928 | Shoals:1 | Gained mutation: Your translucent skin reduces your foes'
                  | accuracy. (Stealth+) [Jiyva's grace]
 29109 | Shoals:2 | Noticed Ilsuiw
 29125 | Shoals:2 | Reached XP level 19. HP: 160/162 MP: 18/28
 29133 | Shoals:2 | Killed Ilsuiw
 29939 | Shoals:3 | Noticed Aizul
 29964 | Shoals:3 | Killed Aizul
 30089 | Shoals:3 | Lost mutation: You have a pair of horns on your head.
                  | [Jiyva's grace]
 30089 | Shoals:3 | Lost mutation: You have an unnaturally thin skeletal
                  | structure. (Dex +6, Stealth+++) [Jiyva's grace]
 30089 | Shoals:3 | Lost mutation: You are agile. (Dex +4, Str/Int -1) [Jiyva's
                  | grace]
 30089 | Shoals:3 | Lost mutation: Your system is resistant to poisons. (rPois)
                  | [Jiyva's grace]
 30089 | Shoals:3 | Lost mutation: Your spells are much harder to cast, but
                  | much more powerful. [Jiyva's grace]
 30089 | Shoals:3 | Gained mutation: Your mind is acute. (Int +4, Str/Dex -1)
                  | [Jiyva's grace]
 30089 | Shoals:3 | Gained mutation: Your mind is very acute. (Int +8, Str/Dex
                  | -2) [Jiyva's grace]
 30089 | Shoals:3 | Gained mutation: You are somewhat resistant to further
                  | mutation. [Jiyva's grace]
 30089 | Shoals:3 | Gained mutation: You are somewhat resistant to both further
                  | mutation and mutation removal. [Jiyva's grace]
 30238 | Shoals:3 | Found Liopnugg's Distillery.
 30256 | Shoals:3 | Bought a potion of heal wounds for 95 gold pieces
 30553 | D:5      | Bought a pair of gloves for 130 gold pieces
 31227 | Shoals:4 | Entered Level 4 of the Shoals
 31227 | Shoals:4 | Noticed Louise
 31299 | Shoals:4 | Noticed Mlioglotl
 31325 | Shoals:4 | Found a flickering gateway to a bazaar.
 31340 | Bazaar   | Entered a bazaar
 31340 | Bazaar   | Found Noecuus's Book Emporium.
 31356 | Bazaar   | Found Nuid Jutt's Antique Armour Boutique.
 31364 | Bazaar   | Found Syrifipt's Antique Weapon Boutique.
 31386 | Bazaar   | Found Wotehollofuz's General Store.
 31394 | Bazaar   | Bought a scroll of blinking for 82 gold pieces
 31394 | Bazaar   | Found Bemair's Distillery.
 31402 | Bazaar   | Bought a potion of haste for 120 gold pieces
 31446 | Bazaar   | Bought a potion of curing for 36 gold pieces
 31446 | Bazaar   | Bought a potion of heal wounds for 60 gold pieces
 31446 | Bazaar   | Bought a potion of heal wounds for 60 gold pieces
 31480 | Shoals:4 | Killed Mlioglotl
 32182 | Shoals:4 | Killed Louise
 32319 | Shoals:4 | Got a barnacled rune of Zot
 32821 | Lair:3   | Learned a level 6 spell: Conjure Ball Lightning
 32841 | Lair:3   | Upgraded the game from 0.30-a0-737-gf23d94013f to
                  | 0.30-a0-743-gbfdf073431
 33346 | Spider:1 | Entered Level 1 of the Spider Nest
 33795 | Spider:1 | Lost mutation: You have a pair of small horns on your head.
                  | [Jiyva's grace]
 33795 | Spider:1 | Lost mutation: You are strong-willed. (Will+) [Jiyva's
                  | grace]
 33795 | Spider:1 | Lost mutation: You are somewhat resistant to both further
                  | mutation and mutation removal. [Jiyva's grace]
 33795 | Spider:1 | Lost mutation: Your spells are harder to cast, but more
                  | powerful. [Jiyva's grace]
 33795 | Spider:1 | Gained mutation: Your transparent skin significantly
                  | reduces your foes' accuracy. (Stealth+) [Jiyva's grace]
 33795 | Spider:1 | Gained mutation: You are resistant to electric shocks.
                  | (rElec) [Jiyva's grace]
 33795 | Spider:1 | Lost mutation: Your transparent skin significantly reduces
                  | your foes' accuracy. (Stealth+) [Jiyva's grace]
 33795 | Spider:1 | Lost mutation: Your translucent skin reduces your foes'
                  | accuracy. (Stealth+) [Jiyva's grace]
 33795 | Spider:1 | Lost mutation: Your translucent skin slightly reduces your
                  | foes' accuracy. (Stealth+) [Jiyva's grace]
 33795 | Spider:1 | Gained mutation: Your skin changes colour to match your
                  | surroundings (Stealth+). [Jiyva's grace]
 33795 | Spider:1 | Gained mutation: Your skin blends seamlessly with your
                  | surroundings (Stealth++). [Jiyva's grace]
 34092 | Spider:2 | Identified the +7 whip of Ancient Evil {flame, Dex+5}
 34452 | Spider:3 | Reached skill level 15 in Conjurations
 34470 | Spider:3 | Reached XP level 20. HP: 176/176 MP: 23/29
 35233 | Spider:4 | Entered Level 4 of the Spider Nest
 36166 | Spider:4 | Lost mutation: You have a moderately thin skeletal
                  | structure. (Dex +4, Stealth++) [Jiyva's grace]
 36166 | Spider:4 | Lost mutation: You are somewhat resistant to further
                  | mutation. [Jiyva's grace]
 36166 | Spider:4 | Gained mutation: You are robust. (+10% HP) [Jiyva's grace]
 36166 | Spider:4 | Gained mutation: You are very robust. (+20% HP) [Jiyva's
                  | grace]
 36166 | Spider:4 | Gained mutation: You are extremely robust. (+30% HP)
                  | [Jiyva's grace]
 36166 | Spider:4 | Gained mutation: You have a pair of small antennae on your
                  | head. [Jiyva's grace]
 36217 | Spider:4 | Identified the +1 pair of boots of Kitugial {-Tele Str+5}
 36232 | Spider:4 | Got a gossamer rune of Zot
 36848 | Depths:2 | Killed Vv
 37097 | Depths:2 | Got the Spellbook of Black Liturgies
 37164 | Depths:3 | Found Goifofets's Antique Weapon Shop.
 37757 | Depths:3 | Noticed a golden dragon
 38002 | Depths:3 | Killed a golden dragon
 38382 | Depths:4 | Entered Level 4 of the Depths
 38382 | Depths:4 | Noticed browni3141's ghost (veteran VSMo)
 38382 | Depths:4 | Found a transporter.
 38393 | Depths:4 | Found a transporter.
 38406 | Depths:4 | Noticed a golden dragon
 38429 | Depths:4 | Killed a golden dragon
 38551 | Depths:4 | Reached XP level 21. HP: 236/236 MP: 23/30
 38815 | Depths:4 | Learned a level 7 spell: Orb of Destruction
 39469 | Depths:4 | Found a gate to the Realm of Zot.
 39575 | Depths:2 | Noticed an ancient lich
 39605 | Depths:2 | Killed an ancient lich
 39952 | Vaults:1 | Entered Level 1 of the Vaults
 40036 | Vaults:1 | Lost mutation: You have a somewhat thin skeletal structure.
                  | (Dex +2, Stealth+) [Jiyva's grace]
 40036 | Vaults:1 | Lost mutation: Your skin blends seamlessly with your
                  | surroundings (Stealth++). [Jiyva's grace]
 40036 | Vaults:1 | Gained mutation: You have sharp toenails. [Jiyva's grace]
 40036 | Vaults:1 | Gained mutation: You have razor-sharp toenails. [Jiyva's
                  | grace]
 40036 | Vaults:1 | Gained mutation: You have claws for feet. [Jiyva's grace]
 40036 | Vaults:1 | Gained mutation: Your tail ends in a sharp venomous barb.
                  | [Jiyva's grace]
 41454 | Vaults:1 | Noticed Donald
 41459 | Vaults:1 | Killed Donald
 42169 | Vaults:2 | Lost mutation: You have claws for feet. [Jiyva's grace]
 42169 | Vaults:2 | Lost mutation: Your skin changes colour to match your
                  | surroundings (Stealth+). [Jiyva's grace]
 42169 | Vaults:2 | Lost mutation: You are extremely robust. (+30% HP) [Jiyva's
                  | grace]
 42169 | Vaults:2 | Lost mutation: Your spells are a little harder to cast, but
                  | a little more powerful. [Jiyva's grace]
 42169 | Vaults:2 | Gained mutation: You are strong-willed. (Will+) [Jiyva's
                  | grace]
 42169 | Vaults:2 | Gained mutation: You are highly strong-willed. (Will++)
                  | [Jiyva's grace]
 42169 | Vaults:2 | Gained mutation: You are extremely strong-willed. (Will+++)
                  | [Jiyva's grace]
 42169 | Vaults:2 | Gained mutation: Your melee attacks may engulf your foes in
                  | ooze. [Jiyva's grace]
 42320 | Vaults:2 | Reached XP level 22. HP: 214/228 MP: 31/31
 42683 | Vaults:2 | Found a transporter.
 42820 | Vaults:2 | Found a transporter.
 43067 | Vaults:3 | Found Zuon's Book Boutique.
 43479 | Vaults:3 | Found a staircase to the Crypt.
 43922 | Vaults:3 | Lost mutation: You have a pair of small antennae on your
                  | head. [Jiyva's grace]
 43922 | Vaults:3 | Lost mutation: You have razor-sharp toenails. [Jiyva's
                  | grace]
 43922 | Vaults:3 | Lost mutation: Your mind is very acute. (Int +8, Str/Dex
                  | -2) [Jiyva's grace]
 43922 | Vaults:3 | Gained mutation: Your natural rate of healing is unusually
                  | fast. [Jiyva's grace]
 43922 | Vaults:3 | Gained mutation: You heal very quickly. [Jiyva's grace]
 43922 | Vaults:3 | Gained mutation: You regenerate. [Jiyva's grace]
 43922 | Vaults:3 | Gained mutation: Your translucent skin slightly reduces
                  | your foes' accuracy. (Stealth+) [Jiyva's grace]
 44548 | Vaults:4 | Reached skill level 15 in Fighting
 45208 | Vaults:4 | Reached XP level 23. HP: 241/241 MP: 29/32
 45217 | Vaults:4 | Reached skill level 16 in Fighting
 45231 | Vaults:4 | Found Ece Ifud's Antique Weapon Boutique.
 45375 | Vaults:5 | Entered Level 5 of the Vaults
 45522 | Vaults:5 | Noticed a dread lich
 45543 | Vaults:5 | Killed a dread lich
 45706 | Vaults:5 | Reached skill level 17 in Fighting
 45730 | Vaults:5 | Noticed a dread lich
 45743 | Vaults:5 | Slimified a dread lich
 45743 | Vaults:5 | a dread lich changed into an azure jelly
 45995 | Vaults:5 | Reached skill level 18 in Fighting
 45995 | Vaults:5 | Reached skill level 15 in Dodging
 46176 | Vaults:5 | Found Tout's Antique Armour Emporium.
 46184 | Vaults:5 | Got a silver rune of Zot
 46631 | Vaults:5 | Noticed a dread lich
 46635 | Vaults:5 | Killed a dread lich
 46804 | Vaults:5 | Found Bieloak's Distillery.
 46804 | Vaults:5 | Found Jaite's Antique Weapon Boutique.
 46808 | Vaults:5 | Bought 2 potions of invisibility for 288 gold pieces
 46808 | Vaults:5 | Bought a potion of might for 72 gold pieces
 46808 | Vaults:5 | Bought a potion of heal wounds for 90 gold pieces
 46808 | Vaults:5 | Bought a potion of haste for 180 gold pieces
 46808 | Vaults:5 | Bought a potion of flight for 54 gold pieces
 46819 | Vaults:5 | Found Veasm's Distillery.
 46823 | Vaults:5 | Bought a potion of cancellation for 104 gold pieces
 47241 | Zot:1    | Entered Level 1 of the Realm of Zot
 47241 | Zot:1    | Lost mutation: You have sharp toenails. [Jiyva's grace]
 47241 | Zot:1    | Lost mutation: You are extremely strong-willed. (Will+++)
                  | [Jiyva's grace]
 47241 | Zot:1    | Lost mutation: You are highly strong-willed. (Will++)
                  | [Jiyva's grace]
 47241 | Zot:1    | Lost mutation: You are very robust. (+20% HP) [Jiyva's
                  | grace]
 47241 | Zot:1    | Lost mutation: You are resistant to electric shocks.
                  | (rElec) [Jiyva's grace]
 47241 | Zot:1    | Gained mutation: You are somewhat resistant to further
                  | mutation. [Jiyva's grace]
 47241 | Zot:1    | Gained mutation: You are somewhat resistant to both further
                  | mutation and mutation removal. [Jiyva's grace]
 47241 | Zot:1    | Gained mutation: You are almost entirely resistant to
                  | further mutation and mutation removal. [Jiyva's grace]
 47241 | Zot:1    | Gained mutation: Your translucent skin reduces your foes'
                  | accuracy. (Stealth+) [Jiyva's grace]
 47384 | Zot:1    | Reached XP level 24. HP: 239/239 MP: 32/32
 48891 | Zot:2    | Reached skill level 15 in Shields
 49762 | Zot:3    | Noticed an orb of fire
 49796 | Zot:3    | Killed an orb of fire
 49830 | Zot:3    | Identified the ring "Zuxtec" {rF+ Will+ Int+5}
 49840 | Zot:3    | Was placed under penance by Jiyva
 50061 | Zot:3    | Was forgiven by Jiyva
 50094 | Zot:3    | Lost mutation: Your tail ends in a sharp venomous barb.
                  | [Jiyva's grace]
 50094 | Zot:3    | Lost mutation: You are almost entirely resistant to further
                  | mutation and mutation removal. [Jiyva's grace]
 50094 | Zot:3    | Lost mutation: You regenerate. [Jiyva's grace]
 50094 | Zot:3    | Lost mutation: You are robust. (+10% HP) [Jiyva's grace]
 50094 | Zot:3    | Lost mutation: Your translucent skin reduces your foes'
                  | accuracy. (Stealth+) [Jiyva's grace]
 50094 | Zot:3    | Lost mutation: Your translucent skin slightly reduces your
                  | foes' accuracy. (Stealth+) [Jiyva's grace]
 50094 | Zot:3    | Gained mutation: You possess an exceptional clarity of
                  | mind. [Jiyva's grace]
 50094 | Zot:3    | Gained mutation: You are robust. (+10% HP) [Jiyva's grace]
 50094 | Zot:3    | Gained mutation: You are very robust. (+20% HP) [Jiyva's
                  | grace]
 50094 | Zot:3    | Gained mutation: You are extremely robust. (+30% HP)
                  | [Jiyva's grace]
 50162 | Zot:3    | Found a hide-covered altar of Uskayaw.
 50812 | Zot:4    | Reached skill level 10 in Ice Magic
 51086 | Zot:4    | Reached XP level 25. HP: 155/293 MP: 17/32
 51634 | Hell     | Entered the Vestibule of Hell
 51634 | Hell     | Noticed Geryon
 53110 | Hell     | Was placed under penance by Jiyva
 53117 | Hell     | Killed Geryon
 53314 | Hell     | Found a gateway to the freezing wastes of Cocytus.
 53371 | Hell     | Reached skill level 1 in Evocations
 53455 | Hell     | Was forgiven by Jiyva
 53605 | Hell     | Found a gateway to the Iron City of Dis.
 53681 | Hell     | Found a gateway to the ashen valley of Gehenna.
 53850 | Hell     | Found a gateway to the decaying netherworld of Tartarus.
 54494 | Zot:5    | Entered Level 5 of the Realm of Zot
 54638 | Zot:5    | Reached skill level 5 in Evocations
 55160 | Zot:5    | Lost mutation: You are somewhat resistant to both further
                  | mutation and mutation removal. [Jiyva's grace]
 55160 | Zot:5    | Gained mutation: Your rubbery body absorbs attacks. (AC +1,
                  | EV +1) [Jiyva's grace]
 55160 | Zot:5    | Gained mutation: Your pliable body absorbs attacks. (AC +2,
                  | EV +2) [Jiyva's grace]
 55160 | Zot:5    | Gained mutation: Your gelatinous body deflects attacks. (AC
                  | +3, EV +3) [Jiyva's grace]
 55160 | Zot:5    | Gained mutation: You have a pair of small horns on your
                  | head. [Jiyva's grace]
 55301 | Zot:5    | Noticed a dread lich
 55302 | Zot:5    | Noticed a dread lich
 55318 | Zot:5    | Noticed a Killer Klown
 55326 | Zot:5    | Killed a dread lich
 55327 | Zot:5    | Killed a Killer Klown
 55334 | Zot:5    | Paralysed by a dread lich for 3 turns
 55342 | Zot:5    | Slimified a dread lich
 55342 | Zot:5    | a dread lich changed into an azure jelly
 55379 | Zot:5    | Noticed a Killer Klown
 55436 | Zot:5    | Killed a Killer Klown
 55478 | Zot:5    | Noticed an orb of fire
 55508 | Zot:5    | Killed an orb of fire
 55588 | Zot:5    | Noticed an orb of fire
 55597 | Zot:5    | Killed an orb of fire
 55598 | Zot:5    | Reached skill level 10 in Evocations
 55753 | Zot:5    | Noticed a Killer Klown
 55763 | Zot:5    | Killed a Killer Klown
 55769 | Zot:5    | Was placed under penance by Jiyva
 56363 | Crypt:1  | Entered Level 1 of the Crypt
 56420 | Crypt:1  | Noticed Sojobo
 56698 | Crypt:1  | Was forgiven by Jiyva
 56726 | Crypt:1  | Paralysed by an air elemental for 1 turns
 56729 | Crypt:1  | Killed Sojobo
 56978 | Crypt:1  | Reached XP level 26. HP: 304/304 MP: 32/32
 57789 | Crypt:2  | Reached skill level 19 in Fighting
 58279 | Crypt:3  | Entered Level 3 of the Crypt
 58726 | Crypt:3  | Reached skill level 20 in Fighting
 58831 | Crypt:3  | Lost mutation: Your tail ends in a venomous barb. [Jiyva's
                  | grace]
 58831 | Crypt:3  | Lost mutation: You are somewhat resistant to further
                  | mutation. [Jiyva's grace]
 58831 | Crypt:3  | Lost mutation: You are extremely robust. (+30% HP) [Jiyva's
                  | grace]
 58831 | Crypt:3  | Lost mutation: You are very robust. (+20% HP) [Jiyva's
                  | grace]
 58831 | Crypt:3  | Lost mutation: Your gelatinous body deflects attacks. (AC
                  | +3, EV +3) [Jiyva's grace]
 58831 | Crypt:3  | Gained mutation: You are agile. (Dex +4, Str/Int -1)
                  | [Jiyva's grace]
 58831 | Crypt:3  | Gained mutation: You are very agile. (Dex +8, Str/Int -2)
                  | [Jiyva's grace]
 58831 | Crypt:3  | Gained mutation: Your flesh is very heat resistant. (rF++)
                  | [Jiyva's grace]
 58831 | Crypt:3  | Gained mutation: Your flesh is almost immune to the effects
                  | of heat. (rF+++) [Jiyva's grace]
 58977 | Crypt:3  | Found a staircase to the Tomb.
 59306 | Crypt:3  | Got the Precepts of the Graveyard
 59463 | Crypt:3  | Reached skill level 21 in Fighting
 60085 | Crypt:3  | Noticed Jory
 60117 | Crypt:3  | Killed Jory
 60128 | Crypt:3  | Identified the +5 shortbow of Josos {drain, rC+++ Int-3
                  | Dex-4 SInv}
 60130 | Crypt:3  | Identified the +3 shortbow of Fedhas's Pride {antimagic,
                  | rElec Str+3}
 60878 | Zot:5    | Reached skill level 22 in Fighting
 61085 | Zot:5    | Noticed an orb of fire
 61170 | Zot:5    | Gained mutation: Your magical capacity is low. (-10% MP)
                  | [an orb of fire]
 61172 | Zot:5    | Gained mutation: You occasionally lose the ability to drink
                  | potions when taking damage. [an orb of fire]
 61176 | Zot:5    | Gained mutation: You occasionally lose the ability to read
                  | scrolls when taking damage. [an orb of fire]
 61181 | Zot:5    | Killed an orb of fire
 61210 | Zot:5    | Noticed an orb of fire
 61213 | Zot:5    | Lost mutation: You are robust. (+10% HP) [an orb of fire]
 61224 | Zot:5    | Killed an orb of fire
 61225 | Zot:5    | Reached skill level 23 in Fighting
 61675 | Zot:5    | Got the Orb of Zot
 61748 | Zot:5    | Noticed Qoefod the pandemonium lord
 61822 | Zot:2    | Noticed Sariomei the pandemonium lord
 61858 | Zot:2    | Killed Sariomei the pandemonium lord
 62383 | D:$      | Escaped with the Orb!

Illustrated notes

Levels and vault maps discovered:
D:1:      kb_arrival_jail, layout_loops_ring,
          hellmonk_ecumenical_altar_the_god_not_taken
D:2:      layout_rooms, minmay_pentomino_p2, uniq_robin, uniq_jessica
D:3:      layout_basic, uniq_sigmund
D:4:      layout_basic, nzn_wu_jian_contemplation, nrook_mini_backslash
D:5:      layout_gridville, temple_statues, serial_shops,
          nicolae_shop_hallway_plus, serial_rivers,
          chequers_serial_rivers_micro_b, chequers_serial_rivers_micro_c,
          chequers_serial_rivers_small_b, chequers_serial_rivers_micro_d,
          chequers_serial_rivers_small_b, kennysheep_dice
D:6:      kennysheep_windowed_halls, layout_loops_cross
D:7:      layout_cave_pods, gammafunk_ghost_icy
D:8:      layout_loops_ring, evilmike_ruin_ashenzari,
          nicolae_hepliaklqana_monster_ancestors, uniq_erica, uniq_maurice
D:9:      layout_loops_ring, serial_shops, nicolae_shop_bloodbath_and_beyond,
          nicolae_shop_advertising_works [nicolae_subvault_shop_adworks],
          uniq_psyche, uniq_maggie
D:10:     layout_long_grid, mainiacjoe_overflow_catch_the_wave
D:11:     layout_roguey, due_lair_maze_entry_diamond, ebering_ghost_gozag
D:12:     layout_cave_pools, david_orc_1_choice, serial_shops,
          nicolae_stop_n_shop_1, kb_tengu_band
D:13:     layout_basic, skrybe_vaults_entry_preservation, minivault_14,
          nicolae_dithmenos_through_a_glass_darkly, uniq_snorg
D:14:     kennysheep_demon_hangout, layout_loops_cross, nrook_uturn
D:15:     hangedman_depths_entry_try_elsewhere_first, layout_irregular_city,
          serial_column_ruins, column_ruins_hut, column_ruins_hut_pillars,
          column_ruins_columns_straight, column_ruins_open_large,
          column_ruins_grid_2, column_ruins_grid_3,
          column_ruins_open_small_water, gauntlet_entry_generic,
          minmay_misc_feat_roman, uniq_jorgrun, uniq_agnes
Temple:   bh_familiar_temple
Lair:1:   layout_loops_ring, nicolae_quartered_pool_little, lemuel_fruit_tree
Lair:2:   layout_layer_cave, nicolae_lair_liquid_snakes
Lair:3:   regret_index_tunnel_blossom, layout_regular_city, shoals_dummy_entry,
          spider_nest_entry_web_field
Lair:4:   layout_regular_city, basic_altar, grunt_megastairs_1
Lair:5:   evil_forest, layout_misc_corridors, slime_entry_1,
          lightli_volcano_entry_magma_tube
Shoals:1: layout_shoals
Shoals:2: layout_shoals, hangedman_shoal_volcano, uniq_ilsuiw
Shoals:3: layout_shoals, serial_shops, shop, uniq_aizul
Shoals:4: shoals_end_simple, layout_shoals, serial_shops, bzr_entry_water,
          uniq_mlioglotl, uniq_louise
Spider:1: layout_spider_delve
Spider:2: layout_spider_delve
Spider:3: layout_spider_delve
Spider:4: grunt_spider_rune_circles
Slime:1:  layout_caves
Slime:2:  layout_caves, nicolae_slime_rock_hall_of_fame
Slime:3:  layout_caves
Slime:4:  layout_caves, nicolae_slime_phagocytosis
Slime:5
Orc:1:    dreamdust_under_siege, layout_caves, serial_shops,
          nicolae_shop_window_shopping, gammafunk_ghost_fury_of_okawaru,
          uniq_fannar
Orc:2:    grunt_orc_tribal_feast, layout_diamond_mine
Elf:1:    eino_elf_arrival_sip, layout_onion_city, serial_shops, bzr_entry_road,
          minmay_elf_crystal_hexagon, minmay_elf_annihilation
Elf:2:    elven_hall_of_blades_hangedman_original [nicolae_blade_bullseye],
          layout_geoelf_octagon, portal_ice_cave_entry_pillars_1,
          minmay_shop_star
Elf:3:    minmay_elf_hall_furrowed, layout_geoelf_castle,
          nicolae_elf_altarnating
Vaults:1: v_rooms_1, v_rooms_2, serial_ice_b, v_alt_pattern_5,
          ontoclasm_vaults_gateway, vaults_room_pools, hangedman_vaults_cutoff,
          nicolae_vaults_yaktaur_gun_rack, hangedman_vaults_impose,
          layout_vaults_omnigrid, uniq_donald
Vaults:2: nicolae_vaults_theta, v_misc_8, vaults_dpeg_hooks, v_misc_19,
          hangedman_vaults_snaps, nicolae_vaults_back_hallway,
          gammafunk_dig_for_victory, v_misc_4, v_misc_11,
          vaults_standard_mumra_x, vaults_mumra_chevron_long, v_misc_19,
          ontoclasm_vaults_ring_large, v_misc_4, layout_vaults_omnibox
Vaults:3: ontoclasm_vaults_ring_square, vaults_mumra_hex, vaults_room_pool,
          nicolae_vaults_hallways_thing, minmay_crypt_entry_simple_sparse,
          nicolae_vaults_meeting, ontoclasm_vaults_ring_small,
          vaults_room_ringed_pool, ontoclasm_vaults_chip,
          dpeg_vaults_monster_box, v_pattern_3, nicolae_vaults_network_square,
          layout_vaults_maze_snakey, serial_shops, nicolae_square_shop
Vaults:4: ontoclasm_vaults_pinch, nicolae_vaults_stairing_the_circle,
          nicolae_vaults_angled_halls, v_misc_26, v_rooms_3,
          ontoclasm_vaults_loading_screen, st_cross, vaults_mumra_minichess,
          vaults_room_pool, hangedman_vaults_corner, vaults_room_fours,
          vaults_room_mumra_shop_pool, vaults_dpeg_ring, layout_vaults_ring
Vaults:5
Crypt:1:  layout_misc_corridors, uniq_sojobo
Crypt:2:  layout_gridlike, serial_sigils_hangedman_etch,
          nicolae_elevator_lobby_plus
Crypt:3:  due_elkab, layout_chaotic_city, nicolae_tomb_entry_rubble_hallway
Depths:1: layout_gridlike, enter_ziggurat_c, abandoned_shop, serial_aquarium,
          aquarium_bridge_square [aquarium_subvault_bridge,
          aquarium_subvault_wall, aquarium_subvault_wall,
          aquarium_subvault_bridge], aquarium_window_fake, aquarium_window_fake,
          aquarium_view_2a, aquarium_view_2c, aquarium_pool_five, hell_entry,
          minmay_strange_pillars, minmay_door_square, minmay_misc_feat_pillars,
          nicolae_take_the_stairs, xom_teletrap_fun
Depths:2: minmay_cut_squares, layout_gridlike,
          nicolae_abyss_entry_one_way_or_another, minmay_misc_feat_tiny,
          grunt_hell_horde, special_room [special_room_morgue],
          grunt_pan_entry_in_and_out, minmay_staircase_windowed_small,
          minmay_shoptagon, uniq_enchantress, uniq_vv, uniq_asterion
Depths:3: nooodl_glass_maze, layout_basic, hell_entry, abyss_entry,
          serial_shops, shop_fountains, kennysheep_four_rooms
Depths:4: evilmike_zot_entry_hall, layout_gridlike, pan_entry, hell_entry,
          hangedman_abyss_or_decor_slice, gammafunk_ghost_arena,
          serial_bayou_shore_b, uniq_margery
Hell
Zot:1:    layout_onion_interference, grunt_megastairs_4
Zot:2:    lemuel_firehouse, layout_onion
Zot:3:    layout_cathedral_of_symmetry, basic_altar, grunt_megastairs_2
Zot:4:    layout_gridlike
Zot:5:    layout_concentric_octagons

Skill      XL: |  1  2  3  4  5  6  7  8  9 10 11 12 13 14 15 16 17 18 19 20 21 22 23 24 25 26 |
---------------+-------------------------------------------------------------------------------+-----
Ice Magic      | 5 7 7 10 | 10.8
Dodging        | 3 6 8 10 11 13 15 | 15.5
Short Blades   | 3 6 7 |  7.6
Summonings     | 3 6 |  6.3
Shields        | 1 5 6 11 13 17 18 | 18.2
Fighting       | 4 8 10 11 14 15 18 23 | 23.5
Long Blades    | 3 8 11 13 14 | 14.2
Air Magic      | 5 8 11 13 14 16 17 18 19 20 21 | 21.2
Spellcasting   | 4 5 6 |  6.6
Conjurations   | 6 10 12 15 18 20 21 22 | 22.3
Evocations     | 12 | 12.1
Stealth        | |  1.7

Action                     |  1- 3 |  4- 6 |  7- 9 | 10-12 | 13-15 | 16-18 | 19-21 | 22-24 | 25-27 || total
---------------------------+-------+-------+-------+-------+-------+-------+-------+-------+-------++-------
  Melee: Unarmed           |     4 |       |       |       |       |       |       |       |     7 ||    11
         Spear             |     2 |    15 |     5 |       |       |       |       |       |       ||    22
         Kick              |       |     2 |    54 |   159 |    78 |       |    75 |       |       ||   368
         Tailslap          |       |     1 |    18 |    74 |   231 |   198 |   392 |   433 |   425 ||  1772
         Dagger            |       |       |   145 |    51 |       |       |       |       |       ||   196
         Headbutt          |       |       |    22 |   100 |   311 |   283 |   129 |       |   423 ||  1268
         Scimitar          |       |       |       |   321 |   889 |   350 |   957 |     9 |   238 ||  2764
         Long sword        |       |       |       |       |   293 |   581 |       |       |       ||   874
         Demon blade       |       |       |       |       |       |   116 |   803 |  1577 |  1239 ||  3735
  Throw: Dart              |       |       |       |    11 |       |       |       |       |       ||    11
         Boomerang         |       |       |       |     1 |       |       |       |       |       ||     1
   Cast: Freeze            |    39 |    34 |    13 |     6 |       |       |       |       |       ||    92
         Frozen Ramparts   |       |     3 |     9 |    33 |    27 |    48 |    48 |    51 |    24 ||   243
         Ozocubu's Armour  |       |     2 |    13 |    31 |    37 |    62 |    66 |    68 |    35 ||   314
         Summon Ice Beast  |       |       |       |     8 |     5 |     3 |       |       |       ||    16
         Summon Lightning  |       |       |       |     1 |     7 |     6 |       |       |       ||    14
         Airstrike         |       |       |       |       |    43 |   267 |   237 |   130 |   152 ||   829
         Freezing Cloud    |       |       |       |       |       |    33 |    79 |   114 |    45 ||   271
         Orb of Destructio |       |       |       |       |       |       |    27 |    70 |   131 ||   228
         Conjure Ball Ligh |       |       |       |       |       |       |     6 |     3 |    29 ||    38
 Invoke: Oozemancy         |       |       |     2 |     2 |    15 |    13 |     8 |    11 |     6 ||    57
         Slimify           |       |       |       |       |       |     1 |     2 |     1 |     2 ||     6
Ability: Breathe Fire      |       |       |     1 |     2 |     3 |     4 |     1 |     4 |     4 ||    19
  Evoke: Wand              |       |     8 |     2 |    12 |     4 |       |       |       |       ||    26
         Lightning rod     |       |       |       |       |       |     8 |     4 |     2 |       ||    14
         Phantom mirror    |       |       |       |       |       |       |     2 |       |       ||     2
    Use: Scroll            |     2 |     2 |     4 |    10 |    11 |     8 |     4 |     3 |     4 ||    48
         Potion            |       |       |       |     2 |     2 |     1 |     4 |     5 |     8 ||    22
   Stab: Sleeping          |     1 |     4 |     4 |     8 |    10 |     9 |    32 |     4 |     9 ||    81
         Confused          |       |       |     3 |    15 |    12 |       |       |       |       ||    30
         Distracted        |       |       |       |       |     3 |     6 |     3 |     4 |       ||    16
         Invisible         |       |       |       |       |     2 |       |       |     3 |       ||     5
 Armour: Skin              |     8 |    19 |    35 |   113 |   192 |   173 |   557 |   552 |   365 ||  2014
  Dodge: Dodged            |    21 |    30 |   105 |   363 |  1022 |  1212 |  1853 |  1415 |  1063 ||  7084
         Repelled          |       |       |       |       |       |    12 |     6 |       |       ||    18
  Block: Buckler           |       |       |    16 |   151 |   557 |   286 |       |       |       ||  1010
         Kite shield       |       |       |       |       |       |   452 |  1353 |   716 |       ||  2521
         Tower shield      |       |       |       |       |       |       |       |   916 |  2445 ||  3361

Table legend: (Time is in decaauts)
 A = Elapsed time spent in this place.
 B = Non-inter-level travel time spent in this place.
 C = Inter-level travel time spent in this place.
 D = Time resting spent in this place.
 E = Time spent auto-exploring this place.
 F = Levels seen in this place.
 G = Mean time per level.
                   A        B        C        D        E       F      G
               +--------+--------+--------+--------+--------+-----+--------+
         Total |  60708 |  52639 |   8069 |   3603 |  27672 |  62 |  979.2 |
       Dungeon |  13090 |  10680 |   2410 |    253 |   7342 |  15 |  872.7 |
        Temple |    183 |    159 |     24 |      0 |    155 |   1 |  183.0 |
          Lair |   5570 |   4640 |    930 |    141 |   3073 |   5 | 1114.0 |
        Shoals |   4155 |   3783 |    372 |     22 |   2289 |   4 | 1038.8 |
   Spider Nest |   3065 |   2840 |    225 |    266 |   1439 |   4 |  766.2 |
    Slime Pits |    613 |    448 |    165 |      0 |    338 |   5 |  122.6 |
  Orcish Mines |   2126 |   1551 |    575 |     10 |    844 |   2 | 1063.0 |
   Elven Halls |   4328 |   3999 |    329 |    389 |   1298 |   3 | 1442.7 |
        Vaults |   7274 |   6605 |    669 |    662 |   3424 |   5 | 1454.8 |
         Crypt |   3573 |   3207 |    366 |    183 |   1413 |   3 | 1191.0 |
        Depths |   7503 |   6448 |   1055 |   1385 |   2426 |   4 | 1875.8 |
          Hell |    744 |    684 |     60 |      0 |    330 |   1 |  744.0 |
           Zot |   7083 |   6200 |    883 |    258 |   3014 |   5 | 1416.6 |
        Bazaar |    197 |    197 |      0 |      0 |     56 |   2 |   98.5 |
      Ice Cave |    474 |    474 |      0 |      0 |     63 |   1 |  474.0 |
       Volcano |    316 |    316 |      0 |      0 |      4 |   1 |  316.0 |
      Gauntlet |    406 |    406 |      0 |     34 |    163 |   1 |  406.0 |
               +--------+--------+--------+--------+--------+-----+--------+

Top non-repeatable levels by time:
Depths:4: 3129 daAuts
   Zot:5: 2385 daAuts
Vaults:1: 1929 daAuts
Depths:2: 1923 daAuts
 Crypt:3: 1804 daAuts
   Elf:3: 1762 daAuts
  Lair:2: 1506 daAuts
Vaults:3: 1479 daAuts
   Zot:3: 1385 daAuts
Vaults:2: 1360 daAuts
Vaults:5: 1359 daAuts
   Elf:2: 1294 daAuts
  Lair:3: 1293 daAuts
Shoals:4: 1291 daAuts
    D:13: 1287 daAuts
